AoeStats
← EL TIGRE ABELARDO

African Clearing

511036702Analyzed
4v4 RM · 9h ago on Oct 3, 2026· 24m 47s· 8 players
Game mode
Random Map
Map size
Large (8 player)
Population
200
Speed
Normal
Resources
Standard
Victory
Conquest
Starting age
Dark Age
Ending age
Imperial Age
RankedLock teamsTeams togetherTeam positionsShared explorationLock speedFull tech treeHidden civsTurbo modeCheats
Victory
Defeat
🇬🇧 Lithuanians · United Kingdom
1779
+9
🇹🇼 Sicilians · Taiwan
1720
+12
🇹🇼 Bulgarians · Taiwan
1645
+15
🇹🇼 Burmese · Taiwan
1615
+16
🇨🇴 Gurjaras · Colombia
1663
-15
🇨🇭 Goths · Switzerland
1637
-14
🇫🇷 Poles · France
1597
-12
🇭🇰 Burgundians · Hong Kong SAR China
1580
-11
xxxxx
10:58 Loom
12:44 Feudal Age
16:47 Castle Age
EL TIGRE ABELARDO
7:57 Loom
14:32 Feudal Age
Minimath
8:50 Loom
12:52 Feudal Age
13:35 Double-Bit Axe
13:58 Horse Collar
17:06 Scale Barding Armor
20:31 Bloodlines
24:30 Castle Age
22:43 Scale Mail Armor
RustyCrowHK
9:16 Loom
9:21 Loom
12:28 Feudal Age
14:27 Double-Bit Axe
14:50 Gold Mining
16:07 Fletching
21:58 Stone Mining
25:43 Castle Age
JamCat
14:23 Feudal Age
RT_ego
12:20 Loom
14:35 Feudal Age
18:19 Castle Age
16:22 Gold Mining
16:19 Double-Bit Axe
17:22 Bloodlines
18:08 Scale Barding Armor
18:30 Fishing Lines
18:52 Light Cavalry
20:58 Horse Collar
23:30 Chain Barding Armor
23:44 Husbandry
24:45 Forging
25:42 Wheelbarrow
Umi
10:47 Loom
13:14 Feudal Age
17:22 Castle Age
16:31 Fletching
16:31 Double-Bit Axe
18:00 Bodkin Arrow
19:46 Padded Archer Armor
DuperRandomShan
10:27 Feudal Age
11:38 Double-Bit Axe
16:57 Loom
21:49 Bloodlines
25:22 Scale Barding Armor
Connection lost

Rejoining the realm…

Still unreachable

The connection could not be restored.

Session expired

The server has moved on; the page needs a fresh start.